 Dungeon Crawl Stone Soup version 0.19-a0-1686-g35356ef (webtiles) character file.

10796 4thArraOfDagon the Grappler (level 11, -3/100 HPs)
             Began as a Troll Wanderer on Sept 25, 2016.
             Was a Priest of Makhleb.
             Slain by a hill giant
             ... wielding a +0 giant spiked club
              (46 damage)
             ... on level 13 of the Dungeon.
             The game lasted 00:21:40 (4286 turns).

4thArraOfDagon the Grappler (Troll Wanderer)        Turns: 4286, Time: 00:21:40

Health: -3/100     AC: 12    Str: 22    XL:     11   Next: 40%
Magic:  15/15      EV: 18    Int: 13    God:    Makhleb [***...]
Gold:   443        SH:  0    Dex: 13    Spells: 0 memorised, 10 levels left

rFire  + . .     SeeInvis +       - Unarmed
rCold  . . .     Gourm    +     u - +1 robe of Fimmaf {+Fly rN+ SInv Stlth-}
rNeg   + . .     Faith    .     (no shield)
rPois  .         Spirit   .     o - +2 hat
rElec  .         Dismiss  .     y - +0 cloak
rCorr  .         Reflect  .     (gloves unavailable)
MR     +....     Harm     .     (boots unavailable)
Stlth  +.........               (no amulet)
                                G - +3 ring of intelligence
                                l - ring of protection from fire

@: agile, very slightly contaminated, hasted (expiring), very quick
A: unfitting armour, claws 3, thin metallic scales 1, clumsy 1, fast metabolism
3, gourmand, magic resistance 1, regeneration 1, shaggy fur 1, tough skin 2
a: Minor Destruction, Lesser Servant of Makhleb, Renounce Religion, Evoke Flight


You were on level 13 of the Dungeon.
You worshipped Makhleb.
Makhleb was most pleased with you.
You were completely stuffed.

You visited 1 branch of the dungeon, and saw 13 of its levels.
You also visited: Ossuary.

You collected 614 gold pieces.
You spent 171 gold pieces at shops.

Inventory:

Hand Weapons
 A - the +10 glaive of Qizo {chop, rC+ Str+2}
   (You found it on level 10 of the Dungeon)

   It inflicts extra damage upon your enemies.
   It affects your strength (+2).
   It protects you from cold.
 C - a +0 giant spiked club
 D - a +0 blowgun
Missiles
 q - 4 tomahawks of dispersal (quivered)
 s - 3 throwing nets
 E - 3 curare-tipped needles
 M - 3 large rocks
Armour
 a - a +2 robe
 h - a +0 robe
 k - a +2 robe of magic resistance
 o - a +2 hat (worn)
 t - a steam dragon hide
 u - the +1 robe of Fimmaf (worn) {+Fly rN+ SInv Stlth-}
   (You bought it in a shop on level 8 of the Dungeon)

   It protects you from negative energy.
   It lets you see invisible.
   It lets you fly.
   It makes you less stealthy.
 y - a +0 cloak (worn)
 B - a troll hide
Magical Staves
 r - an uncursed staff of air
Jewellery
 l - a ring of protection from fire (left claw)
 p - an uncursed ring of fire
 G - a +3 ring of intelligence (right claw)
Wands
 n - a wand of iceblast (0/15)
 F - a wand of lightning (4/15)
 O - a wand of lightning (6/15)
Scrolls
 e - a scroll of immolation
 I - a scroll of silence
Potions
 c - 2 potions of degeneration
 f - a potion of curing
 g - 2 potions of brilliance
 i - 3 potions of resistance
 v - a potion of cure mutation {unknown}
 x - 2 potions of flight
 J - a potion of berserk rage {unknown}
 K - a potion of lignification {unknown}
Comestibles
 d - 7 bread rations
 m - 3 meat rations
 N - a chunk of flesh


   Skills:
 - Level 4.0 Fighting
   Level 1.5(1.7) Axes
 - Level 1.0(1.5) Maces & Flails
 + Level 7.0 Dodging
   Level 1.0 Shields
 * Level 13.2 Unarmed Combat
 + Level 7.0 Invocations
 - Level 1.0 Evocations


You had 10 spell levels left.
You didn't know any spells.

Dungeon Overview and Level Annotations

Branches:
Dungeon (13/15)            Temple (0/1) D:7            Lair (0/6) D:10
    Orc (0/2) D:10
 Vaults: D:13-14

Altars:
Makhleb
Ru
Trog
Zin

Shops:
D:8 *

Annotations:
D:4 4thArraOfDagon's ghost, amateur TrWn
D:8 Psyche
D:9 exclusion: upstairs
D:13 Snorg


Innate Abilities, Weirdness & Mutations

You are too large for most types of armour.
You have claws for hands.
Your metabolism is lightning-fast.
You like to eat raw meat.
Your natural rate of healing is unusually fast.
You are covered in fur. (AC +1)
You have very tough skin. (AC +2)
You are partially covered in thin metallic scales. (AC +2)
You are clumsy. (Dex -2)
You are resistant to hostile enchantments. (MR+)


Message History

Unknown command.
You swap places.
You see here a hand axe.
Things that are here:
an executioner's axe of venom; a leather armour; the human corpse of Rupert A hill giant comes into view.
It is wielding a giant spiked club.
Your extra speed is starting to run out.
You hear a distant blaring wail to the west.
Found a slice of pizza.
Unknown command.
Your hellwing looks more healthy.
Unknown command.
The hill giant shouts!
Unknown command.
Unknown command.
You scratch the hill giant but do no damage.
Unknown command.
You barely miss the hill giant.
The hill giant hits you with a giant spiked club!!!
You die...

#......# #......#
#......# #......#
#......... #......#
#.......$. #......#
#.........
.#......###
###.........
......C@4.#
#...........
.#......#.#
#........... ###
..%####.#.#
#........... ..# .
..#4# #.....# #.#
####.#.# #.....# #.#
#. ..#.# #.....# #.#
#.####.#####.....###
#.#
#.......)..........#
†.#
#......)†###.....#.#


You could see a hill giant and a friendly orange demon.

Vanquished Creatures
  4 hill giants
  A cyclops (D:12)
  Maurice (D:9)
  A freezing wraith (D:10)
  A troll (D:10)
  A two-headed ogre (D:11)
  3 hippogriffs
  A wyvern (D:9)
  A wraith (D:12)
  A shadow (D:11)
  A steam dragon (D:8)
  2 black bears
  3 orc warriors
  2 ice beasts
  2 sky beasts
  2 phantoms
  A wasp (D:7)
  2 necrophages
  A wolf (D:10)
  6 centaurs
  A crocodile (D:8)
  4 big kobolds
  7 bullfrogs
  A gnoll sergeant (D:10)
  2 killer bees (D:11)
  4 scorpions
  2 electric eels (D:10)
  2 crimson imps
  3 centaur zombies
  2 quasits
  A bullfrog zombie (D:6)
  A jelly (D:9)
  6 orc priests
  A human zombie (Ossuary)
  2 bullfrog skeletons
  2 centaur skeletons
  9 hounds
  2 iguanas
  12 orc wizards
  6 worker ants
  4 big kobold zombies (Ossuary)
  A hound skeleton (D:9)
  3 mummies
  7 gnolls
  7 adders
  4 shadow imps
  A dart slug (D:1)
  4 leopard geckos
  21 orcs
  A bat (D:1)
  A giant cockroach (D:7)
  2 gnoll zombies (Ossuary)
  2 goblins (D:1)
  2 hobgoblins (D:1)
  17 kobolds
  2 quokkas
  A goblin zombie (Ossuary)
  4 hobgoblin zombies (Ossuary)
  A jackal skeleton (D:8)
  3 rats
195 creatures vanquished.

Vanquished Creatures (collateral kills)
  Rupert (D:13)
  A centaur skeleton (D:11)
  A gargoyle (D:11)
  A centaur (D:11)
  A bullfrog (D:13)
  2 killer bees (D:11)
  A hound (D:10)
  An orc wizard (D:11)
  An orc (D:13)
  A kobold (D:10)
11 creatures vanquished.

Grand Total: 206 creatures vanquished

Notes
Turn   | Place    | Note
-------+----------+-------------------------------------------
     0 | D:1      | 4thArraOfDagon the Troll Wanderer began the quest for the Orb.
     0 | D:1      | 4thArraOfDagon set off with: a +2 robe, a scroll of teleportation, a +0 mace, 2 bread rations
     0 | D:1      | Reached XP level 1. HP: 19/19 MP: 0/0
    76 | D:1      | Reached skill level 1 in Unarmed Combat
   250 | D:1      | Reached XP level 2. HP: 27/27 MP: 1/1
   297 | D:2      | Reached skill level 2 in Unarmed Combat
   351 | D:2      | Reached XP level 3. HP: 18/33 MP: 2/2
   425 | D:4      | Found a burning altar of Makhleb.
   432 | D:4      | Became a worshipper of Makhleb the Destroyer
   443 | D:5      | Entered Level 5 of the Dungeon
   451 | D:5      | Reached skill level 3 in Unarmed Combat
   458 | D:5      | Reached skill level 4 in Unarmed Combat
   458 | D:5      | Reached XP level 4. HP: 36/41 MP: 3/3
   494 | D:4      | Found a bloodstained altar of Trog.
   498 | D:4      | Noticed 4thArraOfDagon's ghost (amateur TrWn)
   598 | D:5      | Reached skill level 5 in Unarmed Combat
   598 | D:5      | Reached XP level 5. HP: 37/48 MP: 4/4
   690 | D:5      | Reached skill level 6 in Unarmed Combat
   690 | D:5      | Reached XP level 6. HP: 45/55 MP: 5/5
   714 | D:5      | Noticed a sky beast
   718 | D:5      | Killed a sky beast
   753 | D:5      | Found a sacrificial altar of Ru.
   766 | D:5      | Reached skill level 7 in Unarmed Combat
   769 | D:5      | Reached XP level 7. HP: 26/62 MP: 6/6
  1046 | D:6      | Reached skill level 8 in Unarmed Combat
  1142 | D:6      | Reached * piety under Makhleb
  1181 | D:7      | Reached skill level 1 in Invocations
  1181 | D:7      | Reached XP level 8. HP: 67/72 MP: 7/7
  1290 | D:7      | Reached skill level 9 in Unarmed Combat
  1372 | D:7      | Found a sand-covered staircase.
  1378 | Ossuary  | Entered an ossuary
  1525 | D:7      | Found a staircase to the Ecumenical Temple.
  1768 | D:8      | Found Opir's Assorted Antiques.
  1774 | D:8      | Noticed Psyche
  1815 | D:7      | Reached ** piety under Makhleb
  2061 | D:8      | Bought a shadowed robe for 171 gold pieces
  2198 | D:8      | Reached XP level 9. HP: 78/83 MP: 10/10
  2209 | D:8      | Reached skill level 10 in Unarmed Combat
  2300 | D:9      | Noticed Maurice
  2364 | D:8      | Gained mutation: You are resistant to hostile enchantments. (MR+) [mutagenic meat]
  2370 | D:8      | Gained mutation: You are partially covered in thin metallic scales. (AC +2) [mutagenic meat]
  2373 | D:8      | Gained mutation: You are clumsy. (Dex -2) [mutagenic meat]
  2568 | D:10     | Entered Level 10 of the Dungeon
  2600 | D:10     | Identified the +1 robe of Fimmaf {+Fly rN+ SInv Stlth-} (You bought it in a shop on level 8 of the Dungeon)
  2664 | D:10     | Found a staircase to the Orcish Mines.
  2714 | D:10     | Reached *** piety under Makhleb
  2854 | D:9      | Killed Maurice
  2854 | D:9      | Reached skill level 5 in Dodging
  2854 | D:9      | Reached skill level 11 in Unarmed Combat
  2964 | D:10     | Reached XP level 10. HP: 58/92 MP: 12/12
  2998 | D:10     | Got a twisted glaive
  2999 | D:10     | Identified the +10 glaive of Qizo {chop, rC+ Str+2} (You found it on level 10 of the Dungeon)
  3110 | D:10     | Noticed a hill giant
  3145 | D:10     | Killed a hill giant
  3145 | D:10     | Reached skill level 5 in Invocations
  3262 | D:10     | Found a staircase to the Lair.
  3526 | D:11     | Reached skill level 12 in Unarmed Combat
  3775 | D:11     | Found a glowing silver altar of Zin.
  3842 | D:11     | Noticed a gargoyle
  3849 | D:11     | Killed a gargoyle
  3882 | D:11     | Noticed a hill giant
  3890 | D:11     | Killed a hill giant
  3894 | D:11     | Reached **** piety under Makhleb
  3956 | D:12     | Noticed a cyclops
  3984 | D:12     | Killed a cyclops
  3984 | D:12     | Reached XP level 11. HP: 91/100 MP: 14/14
  4012 | D:12     | Noticed a hill giant
  4019 | D:12     | Killed a hill giant
  4061 | D:12     | Noticed a hill giant
  4068 | D:12     | Killed a hill giant
  4165 | D:13     | Reached skill level 13 in Unarmed Combat
  4206 | D:13     | Noticed Snorg
  4236 | D:13     | Noticed Rupert
  4267 | D:13     | Killed Rupert
  4281 | D:13     | Noticed a hill giant
  4286 | D:13     | Slain by a hill giant

Vault maps used:
D:1:      tarquinn_simple_flora_water_d
D:2:      grunt_dithmenos_smoke_and_mirrors, minmay_pentomino_o4
D:3:      uniq_jessica
D:4:      grunt_temple_overflow_gold_and_silver, old_standard_altar,
          lightli_temple_of_fire, guppyfry_shop_venom
D:5:      old_standard_altar, serial_shops, shop, first_bread, xom_redecorated
D:6:      uniq_duvessa
D:7:      nicolae_ossuary_entry_giza
D:8:      serial_shops, shop, uniq_psyche
D:9:      uniq_maurice
D:10:     erik_lair_island, orc_0_dummy
D:11:     basic_altar, minmay_splitting_lines
D:12:     the_bakery
D:13:     lab_entry_generic, serial_shops, bzr_in_the_mist, kennysheep_mini,
          uniq_snorg, uniq_rupert
Ossuary:  minmay_ossuary_gauntlet

Skill      XL: |  1  2  3  4  5  6  7  8  9 10 11 |
---------------+----------------------------------+-----
Unarmed Combat | 1 2 4 5 6 7 8 9 11 12 13 | 13.2
Fighting       | 2 3 4 |  4.0
Invocations    | 1 2 4 6 7 |  7.0
Dodging        | 3 5 6 7 |  7.0
Axes           | |  1.5
Maces & Flails | |  1.0
Shields        | |  1.0
Evocations     | |  1.0

Action                   |  1- 3 |  4- 6 |  7- 9 | 10-12 || total
-------------------------+-------+-------+-------+-------++-------
Melee: Unarmed           |    49 |    93 |   432 |   207 ||   781
       Mace              |     1 |       |       |       ||     1
       Punch             |       |     1 |    10 |    12 ||    23
Invok: Minor Destruction |       |       |     4 |     5 ||     9
       Lesser Servant of |       |       |       |    13 ||    13
Evoke: Wand              |       |       |     4 |       ||     4
  Use: Potion            |     1 |       |     3 |     4 ||     8
       Scroll            |       |       |    11 |     8 ||    19
 Stab: Sleeping          |     1 |       |     2 |       ||     3
       Distracted        |       |       |       |     1 ||     1
  Eat: Chunk             |     8 |     3 |    21 |    16 ||    48
       Pizza             |       |       |     1 |       ||     1
Armor: Robe              |    21 |    58 |   193 |    69 ||   341
Dodge: Dodged            |    26 |    68 |   215 |   107 ||   416
